 Dungeon Crawl Stone Soup version 0.29.0-4-gdea44cf6ec (webtiles) character file.

Game seed: 4271769244103283129

368 qw the Chopper (level 6, 0/35 HPs)
             Began as a Tengu Warper on Aug 28, 2022.
             Was an Initiate of Okawaru.
             Slain by a gnoll
             ... wielding a +0 spear
             ... led by a gnoll sergeant
              (7 damage)
             ... on level 5 of the Dungeon.
             The game lasted 00:00:24 (4716 turns).

qw the Chopper (Tengu Warper)                       Turns: 4716, Time: 00:00:25

Health: 0/35       AC: 14    Str: 18    XL:     6   Next: 69%
Magic:  10/10      EV: 11    Int: 12    God:    Okawaru [......]
Gold:   253        SH:  0    Dex: 12    Spells: 9/9 levels left

rFire   . . .      SeeInvis .   Y - +1 hand axe
rCold   . . .      Faith    .   (no shield)
rNeg    . . .      Spirit   .   h - +0 plate armour
rPois   .          Reflect  .   (helmet restricted)
rElec   .          Harm     .   (no cloak)
rCorr   .          Rampage  .   i - +0 pair of gloves
Will    .....                   (boots unavailable)
Stlth   ..........              (no amulet)
HPRegen 0.11/turn               b - +4 ring of evasion
MPRegen 0.12/turn               (no ring)

@: flying quickly and evasively, quick
A: beak, talons 3, nimble flight, iridescent scales 1, strong 1
a: Renounce Religion


You were on level 5 of the Dungeon.
You worshipped Okawaru.
Okawaru was noncommittal.
You visited 1 branch of the dungeon, and saw 5 of its levels.

You collected 253 gold pieces.


Innate Abilities, Weirdness & Mutations

You have a beak for a mouth.
You have claws for feet.
Your magical nature lets you fly swiftly and evasively.
You are partially covered in iridescent scales. (AC +2)
Your muscles are strong. (Str +4, Int/Dex -1)


   Skills:
 - Level 2.0 Fighting
 - Level 7.1 Axes
 - Level 1.0 Throwing
 + Level 2.6 Armour
 - Level 2.1 Dodging
 - Level 2.0 Spellcasting
 - Level 2.4 Translocations


You had 9 spell levels left.
You didn't know any spells.
Your spell library contained the following spells:

 Spells                   Type           Power      Damage    Failure   Level
 Blink                    Tloc           12%        N/A       100%        2
 Gell's Gravitas          Tloc           6%         N/A       100%        3
 Lesser Beckoning         Tloc           6%         N/A       100%        3
 Teleport Other           Tloc           6%         N/A       100%        3
 Manifold Assault         Tloc           6%         N/A       100%        5

Inventory:

Hand Weapons
 m - the +6 shillelagh "Devastator" {shatter}
   (You found it on level 3 of the Dungeon)

   It releases a powerful concussive burst when it strikes, dealing extra damage
   to the target and all other foes adjacent to them.
 Y - a +1 hand axe (weapon)
Missiles
 a - 5 boomerangs (quivered)
Armour
 h - a +0 plate armour (worn)
 i - a +0 pair of gloves (worn)
Jewellery
 b - a +4 ring of evasion (left hand)
Potions
 d - a potion of cancellation {unknown}
 e - a potion of might {unknown}
 f - 2 potions of curing
 g - a potion of mutation
 j - a potion of magic {unknown}
 k - a potion of resistance {unknown}
 l - a potion of flight {unknown}

Dungeon Overview and Level Annotations

Branches:
Dungeon (5/15)
 Temple: D:4-7

Altars:
Ashenzari
Elyvilon
Makhleb
Okawaru
Trog
Zin
The Shining One


Message History

You hit the gnoll but do no damage. You claw the gnoll.
The gnoll is moderately wounded.
The gnoll hits you with a +0 spear. The gnoll closely misses you.
The gnoll barely misses you.
You closely miss the gnoll. Your kick misses the gnoll.
The gnoll is moderately wounded.
A phantom comes into view.
The gnoll barely misses you. x2
The gnoll sergeant hits you but does no damage.
The gnoll closely misses you.
You slash the gnoll! You claw the gnoll, but do no damage.
The gnoll is almost dead.
The gnoll hits you but does no damage.
The gnoll hits you from afar with a +0 spear.
The gnoll hits you from afar with a +0 halberd.
The gnoll sergeant hits you but does no damage.
You slash the gnoll!
You kill the gnoll!
Okawaru accepts your kill. The gnoll sergeant closely misses you.
The gnoll hits you from afar with a +0 halberd.
The gnoll hits you from afar with a +0 spear.
The gnoll closely misses you. The gnoll barely misses you.
The gnoll closely misses you.
The gnoll sergeant hits you but does no damage.
You see here a +0 spear.
The gnoll sergeant blocks your attack.
You claw the gnoll sergeant, but do no damage.
The gnoll hits you but does no damage. The gnoll closely misses you.
The gnoll hits you from afar with a +0 halberd.
The gnoll sergeant hits you but does no damage.
The gnoll closely misses you.
You barely miss the gnoll sergeant. Your peck misses the gnoll sergeant.
The gnoll closely misses you.
The gnoll hits you from afar with a +0 spear. x2
The gnoll misses you. The gnoll sergeant barely misses you.
You closely miss the gnoll sergeant. Your peck misses the gnoll sergeant.
The gnoll barely misses you. The gnoll hits you but does no damage.
The gnoll hits you from afar with a +0 spear!
You die...

#.# #.# #.#
#.# # #.#
#. #.#
#.$###.#
###..g...#
..).Wg.@.#
.....gg...#
.##...g.#.#
#.....#.#
##..###.#
#.. .# ...
#...


You could see a phantom, a gnoll sergeant and 4 gnolls.

Vanquished Creatures
  A scorpion (D:3)
  An orc priest (D:4)
  A gnoll bouda (D:4)
  Jessica (D:3)
  Natasha (twice) (D:3)
  An iguana (D:5)
  4 gnolls
  5 adders
  2 worms (D:3)
  2 dart slugs (D:3)
  4 orcs
  7 endoplasms
  4 giant cockroaches
  5 goblins
  7 hobgoblins
  3 kobolds
  2 quokkas
  4 ball pythons
  5 bats
  A frilled lizard (D:2)
  5 rats
67 creatures vanquished.

Notes
Turn   | Place    | Note
-------+----------+-------------------------------------------
     0 | D:1      | qw the Tengu Warper began the quest for the Orb.
     0 | D:1      | Reached XP level 1. HP: 12/12 MP: 4/4
     0 | D:1      | 0 ||| qw: Version: 0.1-a-89-g26bdef1
     0 | D:1      | 0 ||| qw: Game counter: 2842
     0 | D:1      | 0 ||| qw: Always use a shield: true
     0 | D:1      | 0 ||| qw: God list: Okawaru
     0 | D:1      | 0 ||| qw: Allow faded altars: false
     0 | D:1      | 0 ||| qw: Do Orc after D:15 true
     0 | D:1      | 0 ||| qw: Do second Lair branch before Depths: true
     0 | D:1      | 0 ||| qw: Lair rune preference: random
     0 | D:1      | 0 ||| qw: Plans: Normal
     0 | D:1      | 0 ||| PLANNING D:1-11
   219 | D:1      | You fall into a shaft and drop 1 floor!
   330 | D:2      | 330 ||| DROPPING scroll of blinking.
   493 | D:1      | Reached XP level 2. HP: 17/17 MP: 6/6
   546 | D:1      | Reached skill level 3 in Axes
   556 | D:1      | 556 ||| Stepping ~*~*~tactically~*~*~ (stealth).
   588 | D:1      | 588 ||| Stepping ~*~*~tactically~*~*~ (stealth).
   690 | D:1      | 690 ||| DROPPING +0 club.
   945 | D:1      | Reached XP level 3. HP: 13/21 MP: 7/7
  1255 | D:1      | 1255 ||| DROPPING ring of flight.
  1331 | D:2      | 1331 ||| Stepping ~*~*~tactically~*~*~ (stealth).
  1332 | D:2      | 1332 ||| Stepping ~*~*~tactically~*~*~ (stealth).
  1333 | D:2      | 1333 ||| Stepping ~*~*~tactically~*~*~ (stealth).
  1442 | D:2      | Reached skill level 4 in Axes
  2117 | D:2      | 2117 ||| UPGRADING to +0 ring mail.
  2127 | D:2      | 2127 ||| DROPPING +0 leather armour.
  2128 | D:2      | 2128 ||| READING scroll labelled MICISI MAOGH.
  2133 | D:2      | 2133 ||| READING scroll labelled AFIUME RIAHU.
  2234 | D:2      | 2234 ||| DRINKING 2 white potions.
  2234 | D:2      | Gained mutation: You are partially covered in iridescent
                  | scales. (AC +2) [potion of mutation]
  2234 | D:2      | Gained mutation: Your muscles are strong. (Str +4, Int/Dex
                  | -1) [potion of mutation]
  2266 | D:3      | 2266 ||| PLANNING SEWER
  2324 | D:3      | Noticed Jessica
  2332 | D:3      | Killed Jessica
  2333 | D:3      | Reached XP level 4. HP: 22/26 MP: 8/8
  2447 | D:3      | Noticed a scorpion
  2452 | D:3      | Killed a scorpion
  2453 | D:3      | Reached skill level 5 in Axes
  2453 | D:3      | Gained mutation: Your magical nature lets you fly swiftly
                  | and evasively. [Tengu growth]
  2453 | D:3      | Reached XP level 5. HP: 30/30 MP: 9/9
  2455 | D:3      | 2455 ||| Stepping ~*~*~tactically~*~*~ (stealth).
  2541 | D:3      | 2541 ||| Stepping ~*~*~tactically~*~*~ (stealth).
  2627 | D:3      | Found a broken altar of Ashenzari.
  2627 | D:3      | Noticed Natasha
  2628 | D:3      | 2628 ||| FLEEEEING.
  2629 | D:3      | 2629 ||| FLEEEEING.
  2630 | D:3      | 2630 ||| FLEEEEING.
  2631 | D:3      | 2631 ||| FLEEEEING.
  2632 | D:3      | 2632 ||| Stepping ~*~*~tactically~*~*~ (hiding).
  2647 | D:3      | Killed Natasha
  2648 | D:3      | Reached skill level 6 in Axes
  2761 | D:3      | Noticed Natasha
  2762 | D:3      | 2762 ||| Stepping ~*~*~tactically~*~*~ (stealth).
  2915 | D:3      | 2915 ||| Stepping ~*~*~tactically~*~*~ (hiding).
  3020 | D:3      | 3020 ||| RIP SEWER
  3024 | D:3      | 3024 ||| PLANNING D:1-11
  3267 | D:3      | Found a bloodstained altar of Trog.
  3282 | D:3      | 3282 ||| Stepping ~*~*~tactically~*~*~ (hiding).
  3296 | D:3      | Killed Natasha
  3444 | D:3      | Found the +6 shillelagh "Devastator" {shatter}
  3453 | D:3      | 3453 ||| DROPPING +0 mace.
  3590 | D:3      | Found a glowing golden altar of the Shining One.
  3632 | D:3      | 3632 ||| Stepping ~*~*~tactically~*~*~ (stealth).
  3634 | D:3      | 3634 ||| Stepping ~*~*~tactically~*~*~ (stealth).
  3639 | D:3      | 3639 ||| Stepping ~*~*~tactically~*~*~ (stealth).
  3649 | D:3      | Reached XP level 6. HP: 34/35 MP: 10/10
  3669 | D:3      | 3669 ||| UPGRADING to +0 plate armour.
  3679 | D:3      | 3679 ||| DROPPING +0 ring mail.
  3680 | D:3      | 3680 ||| READING scroll labelled KUIB GASAT.
  3681 | D:3      | 3681 ||| DRINKING 2 silvery potions.
  3728 | D:3      | 3728 ||| DRINKING 3 fizzy white potions.
  3729 | D:3      | 3729 ||| DROPPING potion of lignification.
  4031 | D:4      | Reached skill level 7 in Axes
  4198 | D:4      | 4198 ||| FLEEEEING.
  4199 | D:4      | 4199 ||| FLEEEEING.
  4200 | D:4      | 4200 ||| FLEEEEING.
  4201 | D:4      | 4201 ||| FLEEEEING.
  4202 | D:4      | 4202 ||| FLEEEEING.
  4203 | D:4      | 4203 ||| FLEEEEING.
  4204 | D:4      | 4204 ||| FLEEEEING.
  4212 | D:4      | 4212 ||| STAIRDANCE
  4257 | D:3      | 4257 ||| READING scroll labelled DOATOS TYAQUSI.
  4476 | D:4      | Found a burning altar of Makhleb.
  4512 | D:4      | Found a glowing silver altar of Zin.
  4577 | D:4      | Found a white marble altar of Elyvilon.
  4593 | D:4      | Found an iron altar of Okawaru.
  4597 | D:4      | Became a worshipper of Warmaster Okawaru
  4598 | D:4      | 4598 ||| UPGRADING to +0 pair of gloves.
  4603 | D:4      | 4603 ||| UPGRADING to +4 ring of evasion.
  4604 | D:4      | 4604 ||| READING scroll labelled UREMAY GUALAR.
  4605 | D:4      | 4605 ||| READING scroll labelled UDYIRH DISOM.
  4624 | D:5      | Entered Level 5 of the Dungeon
  4715 | D:5      | HP: 7/35 [gnoll/+0 spear[a gnoll sergeant] (6)]
  4716 | D:5      | Slain by a gnoll

Levels and vault maps discovered:
D:1:      minmay_arrival_three_doors, layout_loops_cross, minmay_statues_item
D:2:      layout_loops_corners
D:3:      minmay_diamond_boxcup, layout_loops_ring,
          mainiacjoe_overflow_cross_hatched, lemuel_tele_altar, tso_altar,
          portal_sewer_entry_b, uniq_jessica, uniq_natasha
D:4:      layout_rooms, nicolae_overflow_quartered_altars
D:5:      layout_loops_ring, ebering_ghost_sewer_f

Skill      XL: |  1  2  3  4  5  6 |
---------------+-------------------+-----
Axes           | 3 4 5 6 7 |  7.1
Armour         | 2 |  2.6
Fighting       | |  2.0
Throwing       | |  1.0
Dodging        | |  2.1
Spellcasting   | |  2.0
Translocations | |  2.4

Action                   |  1- 3 |  4- 6 || total
-------------------------+-------+-------++-------
Melee: Hand axe          |    55 |   108 ||   163
       Kick              |    12 |    32 ||    44
       Peck              |     4 |    19 ||    23
Throw: Boomerang         |     8 |    26 ||    34
  Use: Scroll            |     2 |     4 ||     6
       Potion            |     1 |     2 ||     3
Armor: Leather armour    |    11 |       ||    11
       Ring mail         |     2 |    19 ||    21
       Plate armour      |       |    25 ||    25
Dodge: Dodged            |    29 |    77 ||   106

Table legend:
 A = Non-vault XP
 B = Vault XP
 C = Vault XP percentage of total XP
 D = Non-vault monster count
 E = Vault monster count
 F = Vault count percentage of total count
                 A         B        C        D         E       F
            +---------+---------+-------+---------+---------+-------
      Total |     320 |     207 |  39.3 |      51 |      16 |  23.9
            +---------+---------+-------+---------+---------+-------
        D:1 |      35 |       0 |   0.0 |      20 |       0 |   0.0
        D:2 |      23 |       0 |   0.0 |       8 |       0 |   0.0
        D:3 |      71 |     207 |  74.5 |      10 |      16 |  61.5
        D:4 |     142 |       0 |   0.0 |      11 |       0 |   0.0
        D:5 |      49 |       0 |   0.0 |       2 |       0 |   0.0
            +---------+---------+-------+---------+---------+-------
